 Dungeon Crawl Stone Soup version 0.31.0-32-g396128a36d (webtiles) character file.

Game seed: 14049056540258315666

62 Doomgape the Shield-Bearer (level 4, -5/29 HPs)
             Began as a Gargoyle Fighter on Apr 1, 2024.
             Slain by a gnoll
             ... wielding a +0 flail
              (6 damage)
             ... on level 2 of the Dungeon.
             The game lasted 00:01:48 (787 turns).

Doomgape the Shield-Bearer (Gargoyle Fighter)        Turns: 787, Time: 00:01:48

Health: -5/29      AC: 13    Str: 22    XL:     4   Next: 8%
Magic:  4/4        EV:  8    Int:  8    God:
Gold:   113        SH:  4    Dex:  9    Spells: 3/3 levels left

rFire   . . .        a - +0 flail
rCold   . . .        c - +0 buckler
rNeg    + . .        i - +0 chain mail
rPois   ∞            (no helmet)
rElec   +            (no cloak)
rCorr   .            (no gloves)
SInv    .            (no boots)
Will    .....        (no amulet) Stlth
                     (no ring)
HPRegen 0.24/turn    (no ring)
MPRegen 0.09/turn

%: no passive effects
@: no status effects
A: sickness immunity, AC +3, negative energy resistance 1, electricity
resistance, torment resistance 1, petrification resistance
a: no special abilities


You were on level 2 of the Dungeon.
You visited 1 branch of the dungeon, and saw 2 of its levels.

You collected 113 gold pieces.

Inventory:

Hand Weapons
 a - a +0 flail (weapon)
Armour
 c - a +0 buckler (worn)
 i - a +0 chain mail (worn)
Scrolls
 g - 2 scrolls of identify {unknown}
 h - a scroll of enchant weapon {unknown}
Potions
 b - a potion of haste {unknown}
 d - a potion of might
 e - a potion of cancellation {unknown}
 f - a potion of curing
 j - a potion of heal wounds {unknown}


   Skills:
 + Level 3.8 Fighting
 + Level 2.7 Maces & Flails
 + Level 3.9 Armour
 + Level 3.9 Shields


You had 3 spell levels left.
You didn't know any spells.
Your spell library contained the following spells:

 Spells                   Type           Power      Damage    Failure   Level
 Slow                     Hex            0%         N/A       98%         1
 Confusing Touch          Hex            0%         N/A       100%        3
 Sigil of Binding         Hex            0%         N/A       100%        3
 Vampiric Draining        Necr           0%         2d6       100%        3


Dungeon Overview and Level Annotations

Branches:
Dungeon (2/15)

Altars:

Shops:
D:2 (


Innate Abilities, Weirdness & Mutations

You are immune to sickness and miasma.
Your stone body is resilient. (AC +3)
You are immune to poison.
You resist negative energy. (rN+)
You are resistant to electric shocks. (rElec)
You are resistant to unholy torment.
You are immune to petrification.


Message History

You block the gnoll's attack.
Unknown command.
The gnoll attacks as it pursues you! The gnoll hits you with a +0 whip.
* * * LOW HITPOINT WARNING * * *
The gnoll attacks as it pursues you! You block the gnoll's attack.
It was a potion of curing.
You feel better. The gnoll hits you with a +0 whip.
You sock the gnoll!
You kill the gnoll!
You closely miss the gnoll.
The gnoll is moderately wounded.
The gnoll hits you with a +0 flail.
You barely miss the gnoll.
The gnoll is moderately wounded.
The gnoll barely misses you.
You hit the gnoll.
The gnoll is severely wounded.
You block the gnoll's attack. The gnoll hits you but does no damage.
You hit the gnoll.
You kill the gnoll!
You hit the gnoll but do no damage. The gnoll hits you but does no damage.
You hit the gnoll.
The gnoll is moderately wounded.
The gnoll hits you with a +0 flail.
* * * LOW HITPOINT WARNING * * *
You hit the gnoll but do no damage.
The gnoll is moderately wounded.
The gnoll hits you but does no damage. The gnoll barely misses you.
You hit the gnoll.
The gnoll is severely wounded.
The gnoll hits you with a +0 flail.
* * * LOW HITPOINT WARNING * * *
You hit the gnoll.
You kill the gnoll!
You have reached level 4!
You feel stronger.
You barely miss the gnoll. The gnoll barely misses you.
You barely miss the gnoll. The gnoll hits you with a +0 flail.
* * * LOW HITPOINT WARNING * * *
The gnoll hits you with a +0 flail.
You die...

#.>.....>......# #.##.
.#####.†...##.# #.##.
#.........##.# #.##.
#.###........# #.##.
#.....††..#######.### .##
.#####.##.....[.(..# # S.#
..........#.#.#.######
.##.# ######.#.......# ##.
......
#Kg@..#...#.######.#
#...###g#########....∩...#
#..†..# ########.# ##...<#
#.# #.#.## #.# #...# ##.
##### #


You could see a gnoll, a goblin and a kobold.

Vanquished Creatures
  3 gnolls (D:2)
  2 adders (D:2)
  A dart slug (D:1)
  4 bats
  3 endoplasms
  A quokka (D:1)
  A goblin (D:1)
  2 rats (D:2)
17 creatures vanquished.

Notes
Turn   | Place    | Note
-------+----------+-------------------------------------------
     0 | D:1      | Doomgape the Gargoyle Fighter began the quest for the Orb.
     0 | D:1      | Reached XP level 1. HP: 14/14 MP: 1/1
   334 | D:1      | Reached XP level 2. HP: 19/19 MP: 2/2
   720 | D:2      | Found a faded altar of an unknown god.
   726 | D:2      | Found Epedisku's Antique Weapon Emporium.
   766 | D:2      | Reached XP level 3. HP: 24/24 MP: 3/3
   786 | D:2      | Reached XP level 4. HP: 7/29 MP: 4/4
   787 | D:2      | HP: 1/29 [gnoll/+0 flail (6)]
   787 | D:2      | Slain by a gnoll

Illustrated notes

Levels and vault maps discovered:
D:1:      minmay_arrival_four_loops, layout_basic, minivault_4
D:2:      layout_basic, shapermc_ecumenical_altar_starsandcircs, serial_shops,
          shop, minmay_small_reverse_x, uniq_sigmund

Action                     |  1- 3 |  4- 6 || total
---------------------------+-------+-------++-------
  Melee: Flail             |    66 |     2 ||    68
    Use: Potion            |     1 |       ||     1
 Armour: Chain mail        |    80 |     2 ||    82
         Scale mail        |     7 |       ||     7
  Dodge: Dodged            |    31 |     1 ||    32
  Block: Buckler           |    26 |       ||    26
